 Dungeon Crawl Stone Soup version 0.30.0-19-g36f170ea60 (webtiles) character file.

Game seed: 5928970165229210389

1875 bmack86 the Cleaver (level 8, -3/64 HPs)
             Began as a Minotaur Fighter on May 31, 2023.
             Was an Initiate of Gozag.
             Slain by an ogre
             ... wielding a +0 giant club
              (26 damage)
             ... on level 6 of the Dungeon.
             The game lasted 00:12:33 (5011 turns).

bmack86 the Cleaver (Minotaur Fighter)              Turns: 5011, Time: 00:12:34

Health: -3/64      AC: 14    Str: 23    XL:     8   Next: 91%
Magic:  7/7        EV:  6    Int:  5    God:    Gozag
Gold:   463        SH:  4    Dex: 10    Spells: 7/7 levels left

rFire   . . .        a - +1 war axe
rCold   . . .        c - +0 buckler
rNeg    . . .        r - +1 plate armour
rPois   .            (helmet restricted)
rElec   .            z - +1 cloak
rCorr   .            (no gloves)
SInv    .            (no boots)
Will    .....        (no amulet) Stlth
                     (no ring)
HPRegen 0.30/turn    (no ring)
MPRegen 0.10/turn

%: no passive effects
@: gold aura
A: horns 2, retaliatory headbutt
a: Renounce Religion, Potion Petition, Call Merchant, Bribe Branch


You were on level 6 of the Dungeon.
You worshipped Gozag.
Gozag was aware of your devotion.
You visited 2 branches of the dungeon, and saw 7 of its levels.
You also visited: Sewer.

You collected 512 gold pieces.
You paid 49 gold pieces to Gozag.

Inventory:

Hand Weapons
 a - a +1 war axe (weapon)
 q - a +2 hand axe of venom
Missiles
 i - 6 javelins (quivered)
 t - 3 curare-tipped darts
Armour
 b - a +0 scale mail
 c - a +0 buckler (worn)
 p - a +0 cloak
 r - a +1 plate armour (worn)
 z - a +1 cloak (worn)
Jewellery
 s - a ring of fire
 x - an amulet of the acrobat
Wands
 k - a wand of flame (31)
 v - a wand of charming (11)
Scrolls
 g - 2 scrolls of fog
 h - 2 scrolls of magic mapping
 l - a scroll of vulnerability
 u - a scroll of fear
 w - a scroll of poison {unknown}
 y - a scroll of blinking {unknown}
 C - a scroll of teleportation
Potions
 d - a potion of might
 e - 2 potions of degeneration {unknown}
 f - 2 potions of curing {unknown}
 j - 2 potions of magic {unknown}
 m - a potion of ambrosia {unknown}
 n - 2 potions of flight {unknown}
 o - 3 potions of invisibility
 A - a potion of berserk rage {unknown}
 B - a potion of cancellation {unknown}


   Skills:
 - Level 3.6 Fighting
 + Level 13.8 Axes
 - Level 3.6 Armour
 - Level 3.6 Shields


You had 7 spell levels left.
You didn't know any spells.
Your spell library contained the following spells:

 Spells                   Type           Power      Damage    Failure   Level
 Necrotise                Necr           0%         1d4       100%        1
 Vampiric Draining        Necr           0%         2d6       100%        3
 Agony                    Necr           0%         N/A       100%        5


Dungeon Overview and Level Annotations

Branches:
Dungeon (6/15)             Temple (1/1) D:4           Sewer (visited)

Altars:
Cheibriados
Dithmenos
Elyvilon
Gozag
Hepliaklqana
Kikubaaqudgha
Nemelex Xobeh
Okawaru
Qazlal
Ru
Sif Muna
Trog
Vehumet
Xom
Yredelemnul
Zin


Innate Abilities, Weirdness & Mutations

You have a pair of horns on your head.
You reflexively headbutt those who attack you in melee.


Message History

You slash the water moccasin!
The water moccasin is heavily wounded.
The orc wizard gestures wildly while chanting.
The orc wizard flickers and vanishes!
Deactivating autopickup; reactivate with Ctrl-A.
The water moccasin barely misses you.
You hit the water moccasin.
The water moccasin is heavily wounded.
The water moccasin barely misses you. You furiously retaliate!
You headbutt the water moccasin!
You kill the water moccasin!
An orc comes into view.
It is wielding a +0 dagger and quivering poisoned darts.
The orc shouts!
You hear a shout!
The orc hits you with a +0 short sword.
You hear some strange, mumbled words.
A magic dart appears from out of thin air!
The magic dart hits you but does no damage.
An orc comes into view. It is wielding a +0 club.
The orc is distracted by your dazzling golden aura.
The ogre hits you with a +0 giant club!!
The orc shouts!
You see here 13 gold pieces.
You closely miss the orc. You hit the ogre. You hit something but do no damage.
You hear some strange, mumbled words.
A magic dart appears from out of thin air!
The magic dart hits you but does no damage.
You block the orc's attack.
You closely miss the orc. You slash the ogre! You completely miss something.
The ogre is distracted by your dazzling golden aura.
An orc wizard comes into view. It is wielding a +0 dagger.
The orc hits you with a +0 short sword. Something hits you but does no damage.
The ogre shouts!
Unknown command.
You barely miss the orc. You headbutt the orc!
You kill the orc!
You barely miss something. You hit the ogre.
The ogre is no longer distracted by gold.
The ogre hits you with a +0 giant club!!
You die...
Your body crumbles into a pile of gold.

######## .......#
##........# ######
......#.#.# .....#
......#.#.# .....#
......#.#.# .....#
......#.#.# ..>..#
......#.#.#######O....##
##.#...<.......$@$....!.
#>.........).$##{....##
#.###..#.####..#.....#
#.#....#.# ##.#.....#
#.####.#.# .#..o..#
#......#.# .....###
#..#####.# ####.. #..#
#..


o.o #### ... You could see an ogre, an orc wizard and 2 orcs.

Vanquished Creatures
  Eustachio (D:5)
  2 water moccasins
  An ogre (D:5)
  2 phantoms (D:5)
  2 centaurs
  3 kobold brigands (Sewer)
  Blork the orc (D:5)
  A gnoll sergeant (D:5)
  A bullfrog (D:4)
  A scorpion (D:5)
  3 hounds
  4 orc priests
  Crazy Yiuf (D:5)
  An iguana (D:6)
  A sleepcap (D:5)
  An orc wizard (D:5)
  11 adders
  11 gnolls
  3 river rats (Sewer)
  A shadow imp (D:5)
  An ufetubus (D:4)
  3 dart slugs
  2 worms (D:3)
  18 orcs
  7 endoplasms
  6 giant cockroaches
  6 goblins
  5 hobgoblins
  6 jackals
  12 kobolds
  A quokka (D:2)
  9 ball pythons
  3 bats
  5 frilled lizards
  9 rats
145 creatures vanquished.

Notes
Turn   | Place    | Note
-------+----------+-------------------------------------------
     0 | D:1      | bmack86 the Minotaur Fighter began the quest for the Orb.
     0 | D:1      | Reached XP level 1. HP: 19/19 MP: 0/0
   137 | D:1      | Reached skill level 3 in Axes
   164 | D:1      | Reached XP level 2. HP: 20/26 MP: 1/1
   292 | D:1      | Reached skill level 4 in Axes
   380 | D:2      | Reached XP level 3. HP: 31/31 MP: 2/2
   553 | D:2      | Reached skill level 5 in Axes
   682 | D:2      | Reached XP level 4. HP: 36/39 MP: 3/3
   938 | D:3      | Found a stormy altar of Qazlal.
  1241 | D:3      | Found a faded altar of an unknown god.
  1372 | D:3      | Found a glowing drain.
  1400 | D:3      | Reached skill level 6 in Axes
  1405 | Sewer    | Entered a sewer
  1456 | Sewer    | Reached XP level 5. HP: 45/45 MP: 4/4
  1502 | Sewer    | Reached skill level 7 in Axes
  1614 | Sewer    | Reached XP level 6. HP: 47/51 MP: 5/5
  1655 | Sewer    | Reached skill level 8 in Axes
  2580 | D:4      | Found a shimmering blue altar of Sif Muna.
  2757 | D:4      | Reached skill level 9 in Axes
  2757 | D:4      | Found a staircase to the Ecumenical Temple.
  2772 | Temple   | Entered the Ecumenical Temple
  2795 | Temple   | Became a worshipper of Gozag Ym Sagoz the Greedy
  2860 | D:4      | Reached XP level 7. HP: 29/57 MP: 6/6
  3732 | D:5      | Entered Level 5 of the Dungeon
  3775 | D:5      | Found a glowing silver altar of Zin.
  3802 | D:5      | Reached skill level 10 in Axes
  3997 | D:5      | Reached skill level 11 in Axes
  4166 | D:5      | Reached XP level 8. HP: 64/64 MP: 7/7
  4198 | D:5      | Noticed Eustachio
  4198 | D:5      | Noticed Blork the orc
  4203 | D:5      | Killed Blork the orc
  4226 | D:5      | Killed Eustachio
  4227 | D:5      | Reached skill level 12 in Axes
  4441 | D:5      | Found a runed translucent door.
  4442 | D:5      | Noticed Crazy Yiuf
  4448 | D:5      | Killed Crazy Yiuf
  4645 | D:5      | Reached skill level 13 in Axes
  5011 | D:6      | Slain by an ogre

Illustrated notes

Levels and vault maps discovered:
D:1:      heliophobic_arrival_enchanted_forest, layout_rooms, feat_on_display
D:2:      minmay_wonky_spiral, layout_rooms, kennysheep_generic_room_15
D:3:      layout_loops_corners, mainiacjoe_overflow_small_starburst,
          nicolae_ecumenical_oubliette, cheibrodos_sewer_entry_drain,
          hangedman_abyss_or_decor_lesser_grid
D:4:      layout_basic, nicolae_sif_muna_condensation,
          minmay_temple_entry_drinking_statues, saegor_snake_ambush
D:5:      layout_basic, zin_treasury, nicolae_concentric_dashed_squares_mild,
          chequers_serial_rivers_large_b, glass_columns_b, uniq_eustachio,
          uniq_crazy_yiuf_cottage, uniq_blork_the_orc
D:6:      layout_basic, nicolae_overflow_squiral
Temple:   nicolae_temple_god_jail

Skill      XL: |  1  2  3  4  5  6  7  8 |
---------------+-------------------------+-----
Axes           | 3 4 5 6 7 9 11 13 | 13.8
Fighting       | |  3.6
Armour         | |  3.6
Shields        | |  3.6

Action                     |  1- 3 |  4- 6 |  7- 9 || total
---------------------------+-------+-------+-------++-------
  Melee: War axe           |    68 |   172 |   159 ||   399
         Headbutt          |    10 |    25 |    25 ||    60
  Throw: Javelin           |       |       |     3 ||     3
    Use: Scroll            |       |       |    11 ||    11
   Stab: Distracted        |       |       |     1 ||     1
 Armour: Scale mail        |    44 |    15 |       ||    59
         Plate armour      |       |   100 |    84 ||   184
  Dodge: Dodged            |    40 |    45 |    46 ||   131
  Block: Buckler           |    14 |    42 |    42 ||    98
